 Dungeon Crawl Stone Soup version 0.28-a0-595-g9f6c0e134a (webtiles) character file.

Game seed: 15666920611062663651

44416 pokedragonboy the Devastator (level 13, -4/78 HPs)
             Began as a Deep Elf Conjurer on Oct 4, 2021.
             Was a High Priest of Vehumet.
             Slain by a komodo dragon (25 damage)
             ... on level 6 of the Lair of Beasts.
             The game lasted 01:32:22 (22266 turns).

pokedragonboy the Devastator (Deep Elf Conjurer)   Turns: 22266, Time: 01:32:23

Health: -4/78      AC: 10    Str: 11    XL:     13   Next: 96%
Magic:  4/53       EV: 12    Int: 29    God:    Vehumet [*****.]
Gold:   1324       SH:  0    Dex: 17    Spells: 23/45 levels left

rFire   + + .      SeeInvis .   a - +6 falchion of Mourning {vorpal, rF+ MP+9}
rCold   + + .      Faith    .   (no shield)
rNeg    . . .      Spirit   .   j - +0 acid dragon scales
rPois   .          Reflect  .   D - +0 helmet
rElec   .          Harm     .   f - scarf {rC+ rF+}
rCorr   +          Rampage  .   L - +1 pair of gloves of Kedageeb {MP+9 Str+7}
Will    +....                   w - +0 pair of boots
Stlth   +++.......              Z - amulet of Vitality {Regen+ HP+15}
HPRegen 1.23/turn               W - ring of protection from cold
MPRegen 0.33/turn               V - ring of Okawaru's Hope {Fly Dex+4 Stlth+}

@: lethally poisoned (-4 -> -7), about to teleport, flying
A: no striking features
a: Renounce Religion


You were on level 6 of the Lair of Beasts.
You worshipped Vehumet.
Vehumet was extremely pleased with you.
You visited 3 branches of the dungeon, and saw 18 of its levels.
You also visited: Sewer, Gauntlet, Ice Cave and Volcano.

You collected 1324 gold pieces.

Inventory:

Hand Weapons
 a - the +6 falchion of Mourning (weapon) {vorpal, rF+ MP+9}
   (You found it in a Gauntlet)

   It inflicts extra damage upon your enemies.
   rF:        It protects you from fire.
   MP:        It affects your magic capacity (+9).
Armour
 f - a scarf of resistance (worn)
 j - +0 acid dragon scales (worn)
 w - a +0 pair of boots (worn)
 D - a +0 helmet (worn)
 L - the +1 pair of gloves of Kedageeb (worn) {MP+9 Str+7}
   (You found it in a Gauntlet)

   Str:       It affects your strength (+7).
   MP:        It affects your magic capacity (+9).
 M - a +2 robe of willpower
Magical Staves
 b - a staff of fire
 P - a staff of death
Jewellery
 c - the amulet of Lesser Demons {Fragile Will+ Regen+ Str+2}
   (You found it on level 3 of the Lair of Beasts)

   [amulet of regeneration]

   Str:       It affects your strength (+2).
   Regen:     It increases your rate of health regeneration.
   Fragile:   It will be destroyed if unequipped.
   Will:      It increases your willpower.
 d - a ring of protection from fire
 E - a +4 ring of protection
 S - a ring of positive energy
 V - the ring of Okawaru's Hope (right hand) {Fly Dex+4 Stlth+}
   (You found it in a Gauntlet)

   [ring of flight]

   Dex:       It affects your dexterity (+4).
   Fly:       It grants you flight.
   Stlth:     It makes you more stealthy.
 W - a ring of protection from cold (left hand)
 Z - the amulet of Vitality (around neck) {Regen+ HP+15}
   (You found it in a Gauntlet)

   [amulet of regeneration]

   HP:        It affects your health (+15).
   Regen:     It increases your rate of health regeneration.
Wands
 h - a wand of acid (10)
 B - a wand of digging (8)
 I - a wand of polymorph (9)
 N - a wand of iceblast (19)
 R - a wand of mindburst (13)
 T - a wand of flame (52)
Scrolls
 g - 2 scrolls of holy word
 n - 2 scrolls of amnesia
 o - a scroll of fear
 r - 4 scrolls of fog
 t - a scroll of enchant armour
 U - a scroll of immolation
Potions
 e - 9 potions of curing
 i - 5 potions of invisibility
 k - 6 potions of attraction
 m - a potion of might
 q - 2 potions of resistance
 u - a potion of berserk rage {unknown}
 v - 2 potions of cancellation
 C - 5 potions of flight
 F - a potion of heal wounds {unknown}
 H - a potion of lignification {unknown}
 J - 4 potions of haste
 K - a potion of ambrosia
 Q - 2 potions of brilliance
Miscellaneous
 p - a lightning rod (4/4)
 s - a phial of floods
 y - a tin of tremorstones (2/2)
 z - a piece from Xom's chessboard (15/15)


   Skills:
 - Level 2.4 Dodging
 - Level 2.4 Stealth
 + Level 16.8 Spellcasting
 * Level 20.0 Conjurations
 + Level 7.7 Hexes
 - Level 7.0 Translocations
 - Level 5.0 Fire Magic


You had 23 spell levels left.
You knew the following spells:

 Your Spells              Type           Power      Damage    Failure   Level
a - Stone Arrow           Conj/Erth      100%       3d13      1%          3
b - Searing Ray           Conj           100%       2d8       0%          2
c - Fulminant Prism       Conj/Hex       40%        3d20      1%          4
d - Iskenderun's Mystic   Conj/Tloc      80%        2d16      1%          4
e - Gell's Gravitas       Tloc           30%        N/A       1%          3
f - Flame Wave            Conj/Fire      77%        3d13      1%          4
g - Scorch                Fire           100%       2d10      1%          2

Your spell library contained the following spells:

 Spells                   Type           Power      Damage    Failure   Level
 Olgreb's Toxic Radiance  Pois           24%        N/A       8%          4
 Magic Dart               Conj           100%       1d8       0%          1
 Ensorcelled Hibernation  Hex/Ice        92%        N/A       1%          2
 Slow                     Hex            62%        N/A       1%          2
 Confusing Touch          Hex            62%        N/A       1%          3
 Dazzling Flash           Conj/Hex       100%       N/A       1%          3
 Lesser Beckoning         Tloc           60%        N/A       1%          3
 Teleport Other           Tloc           60%        N/A       1%          3
 Freezing Cloud           Conj/Ice/Air   29%        6-21      1%          5
 Yara's Violent Unravell  Hex/Tmut       23%        3d10      4%          5
 Spider Form              Tmut/Pois      12%        N/A       9%          3
 Simulacrum               Ice/Necr       12%        N/A       99%         6
 Summon Cactus Giant      Summ           12%        N/A       99%         6
 Polar Vortex             Ice            12%        N/A       100%        9


Dungeon Overview and Level Annotations

Branches:
Dungeon (11/15)            Temple (1/1) D:6            Lair (6/6) D:10
 Shoals (0/4) Lair:4       Spider (0/4) Lair:3        Slime (0/5) Lair:5
  Sewer (visited)           IceCv (visited)         Volcano (visited)
Gauntlet (visited)
    Orc: D:9-12

Altars:
Ashenzari
Cheibriados
Dithmenos
Elyvilon
Fedhas
Gozag
Hepliaklqana
Kikubaaqudgha
Makhleb
Nemelex Xobeh
Okawaru
Qazlal
Ru
Sif Muna
Trog
Uskayaw
Vehumet
Wu Jian
Xom
Yredelemnul
Zin
The Shining One

Annotations:
D:2 Sigmund
D:7 2 transporters, Sargento's ghost, novice MiBe
D:9 3 runed translucent doors, a11behringer's ghost, novice TrBe
D:10 Urug
Lair:4 Rupert


Message History

The komodo dragon is lightly wounded.
The komodo dragon is knocked back by the mystic blast.
The komodo dragon collides with the boulder beetle!
You feel sick.
You feel sick.
You hit the cane toad.
The cane toad is moderately wounded.
You feel sick.
You are no longer poisoned.
The cane toad stings you!
You are poisoned.
The cane toad poisons you! The komodo dragon closely misses you.
The cane toad stings you.
The boulder beetle leaps!
Casting: Iskenderun's Mystic Blast (safe; 1% risk of failure)
Confirm with . or Enter, or press ? or * to list all spells.
You erupt in a blast of force!
The mystic blast hits the cane toad!
The cane toad is severely wounded.
The cane toad is knocked back by the mystic blast.
The mystic blast hits the komodo dragon!
The komodo dragon is moderately wounded.
The komodo dragon is knocked back by the mystic blast.
You feel very sick.
The boulder beetle leaps!
Okay, then.
Okay, then.
Okay, then.
Casting: Iskenderun's Mystic Blast (safe; 1% risk of failure)
Confirm with . or Enter, or press ? or * to list all spells.
Okay, then.
Unknown command.
Okay, then.
You feel very sick. The komodo dragon bites you!!
* * * LOW HITPOINT WARNING * * *
Okay, then.
As you read the scroll of teleportation, it crumbles to dust.
You feel strangely unstable.
You feel very sick. The komodo dragon bites you!!
You die...

........#.# ##.#...#####
..°§§§§..## #.#....#.#
...°○§☼..## #.......##
....§§§...# ##.......##
.....☼§..## #........#
...♣♣♣...#####..P.....#
♣♣.......##...PP....##
♣♣♣♣....#....#...###
♣♣.@F.........# ###
♣...l.........# #.#
♣..B.......<.## ##.
♣.....°......#.####..
............#....##P..
.P...........#.......†.
..............#.........
........................
............††....


You could see a boulder beetle, a komodo dragon and a cane toad.

Vanquished Creatures
  A minotaur (Gauntlet)
  Snorg (D:10)
  A fire dragon (D:10)
  4 hydras
  Erica (D:7)
  2 two-headed ogres
  A dancing weapon (Volcano)
  A death yak (Lair:6)
  Sonja (D:10)
  A fire crab (shapeshifter) (Gauntlet)
  A goliath frog (shapeshifter) (Gauntlet)
  Pikel (D:5)
  5 wizards (Volcano)
  4 lindwurms (Lair:2)
  An oklob plant (Lair:5)
  An ugly thing (IceCv)
  5 toenail golems (Volcano)
  A salamander (shapeshifter) (Gauntlet)
  3 ice statues (IceCv)
  Joseph (D:8)
  Maurice (D:8)
  5 black mambas
  13 cane toads
  5 rime drakes
  A freezing wraith (IceCv)
  6 komodo dragons
  An anaconda simulacrum (IceCv)
  A kobold demonologist (D:7)
  2 entropy weaver simulacra (IceCv)
  3 polar bears
  3 hornets (Gauntlet)
  A troll (D:9)
  A jumping spider (Lair:3)
  Grinder (D:5)
  2 slime creatures (Gauntlet)
  3 blink frogs (Lair:3)
  5 dream sheep
  2 shadows
  6 wyverns
  A basilisk (Lair:4)
  39 yaks
  2 steam dragons (D:7)
  A death yak simulacrum (IceCv)
  3 acid dragons
  Edmund (D:6)
  8 water moccasins
  4 black bears
  3 sky beasts
  2 orc warriors
  7 centaurs
  3 ice beasts
  3 ogres
  5 wolves (Lair:1)
  3 lemures (D:5)
  A kobold brigand (D:6)
  Blork the orc (D:5)
  7 bullfrogs
  A scorpion (D:6)
  2 cane toad simulacra (IceCv)
  A water moccasin zombie (D:5)
  A water moccasin skeleton (D:4)
  6 killer bees
  An electric eel (D:10)
  3 howler monkeys
  2 centaur zombies
  8 crimson imps (D:9)
  A bullfrog zombie (D:7)
  3 gnoll shamans
  2 hounds
  4 jellies
  4 orc priests
  Jessica (D:3)
  Natasha (D:3)
  3 iguanas
  10 orc wizards
  A polar bear simulacrum (IceCv)
  A wolf simulacrum (IceCv)
  A killer bee zombie (D:7)
  A howler monkey zombie (D:6)
  15 gnolls
  10 adders
  A shadow imp (D:7)
  14 white imps
  A worm (D:4)
  An adder skeleton (D:4)
  3 dart slugs
  34 orcs
  6 endoplasms
  4 giant cockroaches
  5 hobgoblins
  6 jackals (Sewer)
  4 quokkas
  12 ball pythons
  6 bats
  6 frilled lizards
  3 goblins
  15 kobolds
  A quokka skeleton (D:4)
  3 rats
  A bush (Lair:3)
  5 fulminant prisms (IceCv)
407 creatures vanquished.

Vanquished Creatures (others)
  114 fulminant prisms
  32 fungi
  36 plants
182 creatures vanquished.

Grand Total: 589 creatures vanquished

Notes
Turn   | Place    | Note
-------+----------+-------------------------------------------
     0 | D:1      | pokedragonboy the Deep Elf Conjurer began the quest for the
                  | Orb.
     0 | D:1      | Reached XP level 1. HP: 10/10 MP: 6/6
   250 | D:1      | Reached XP level 2. HP: 15/15 MP: 6/8
   301 | D:1      | Learned a level 2 spell: Searing Ray
   557 | D:1      | Found a faded altar of an unknown god.
   833 | D:2      | Reached skill level 5 in Conjurations
   871 | D:2      | Reached XP level 3. HP: 19/19 MP: 5/10
  1438 | D:2      | Noticed Sigmund
  1904 | D:3      | Found a hide-covered altar of Uskayaw.
  2063 | D:3      | Noticed Jessica
  2073 | D:3      | Killed Jessica
  2074 | D:3      | Reached XP level 4. HP: 20/24 MP: 1/12
  2296 | D:3      | Reached skill level 6 in Conjurations
  2299 | D:3      | Found a glowing drain.
  2313 | Sewer    | Entered a sewer
  2880 | Sewer    | Reached XP level 5. HP: 27/28 MP: 8/13
  3245 | D:3      | Noticed Natasha
  3249 | D:3      | Killed Natasha
  3575 | D:4      | Reached skill level 5 in Spellcasting
  3584 | D:4      | Reached skill level 7 in Conjurations
  3736 | D:4      | Noticed an ogre
  3752 | D:4      | Noticed an ogre
  3876 | D:4      | Reached XP level 6. HP: 32/32 MP: 11/16
  4294 | D:4      | Reached skill level 8 in Conjurations
  4294 | D:4      | Reached XP level 7. HP: 36/36 MP: 5/18
  4299 | D:4      | Learned a level 4 spell: Fulminant Prism
  4304 | D:4      | Learned a level 4 spell: Iskenderun's Mystic Blast
  4459 | D:4      | Reached skill level 1 in Translocations
  4969 | D:5      | Entered Level 5 of the Dungeon
  4987 | D:5      | Noticed Pikel
  5017 | D:5      | Killed Pikel
  5018 | D:5      | Reached skill level 9 in Conjurations
  5018 | D:5      | Reached XP level 8. HP: 22/41 MP: 0/21
  5247 | D:5      | Learned a level 3 spell: Gell's Gravitas
  5390 | D:5      | Reached skill level 1 in Hexes
  5464 | D:5      | Noticed Blork the orc
  5469 | D:5      | Killed Blork the orc
  5578 | D:5      | Noticed Grinder
  5589 | D:5      | Paralysed by Grinder for 7 turns
  5600 | D:5      | Killed Grinder
  5601 | D:5      | Reached skill level 10 in Conjurations
  5860 | D:5      | Found a shadowy altar of Dithmenos.
  5895 | D:5      | Found a sacrificial altar of Ru.
  5901 | D:5      | Found a blossoming altar of Fedhas.
  6003 | D:6      | Noticed Edmund
  6010 | D:6      | Killed Edmund
  6334 | D:6      | Found a staircase to the Ecumenical Temple.
  6342 | D:6      | Reached XP level 9. HP: 45/45 MP: 4/23
  6348 | Temple   | Entered the Ecumenical Temple
  6454 | Temple   | Became a worshipper of Vehumet
  7375 | D:6      | Reached skill level 11 in Conjurations
  7580 | D:7      | Found a shimmering blue altar of Sif Muna.
  7682 | D:7      | Reached skill level 5 in Hexes
  7867 | D:7      | Found a shimmering altar of Xom.
  7903 | D:7      | Found a transporter.
  7903 | D:7      | Noticed Sargento's ghost (novice MiBe)
  7903 | D:7      | Noticed a kobold demonologist
  7908 | D:7      | Noticed a red devil
  7909 | D:7      | Killed a kobold demonologist
  7910 | D:7      | Reached skill level 5 in Translocations
  7960 | D:7      | Reached * piety under Vehumet
  7960 | D:7      | Offered knowledge of Foxfire by Vehumet.
  8075 | D:7      | Found a transporter.
  8127 | D:7      | Found a white marble altar of Elyvilon.
  8195 | D:7      | Reached skill level 12 in Conjurations
  8214 | D:7      | Noticed a two-headed ogre
  8386 | D:8      | Noticed Maurice
  8392 | D:8      | Killed Maurice
  8393 | D:8      | Reached skill level 10 in Spellcasting
  8402 | D:8      | Reached XP level 10. HP: 50/50 MP: 15/26
  9062 | D:7      | Killed a two-headed ogre
  9063 | D:7      | Reached skill level 13 in Conjurations
  9280 | D:8      | Offered knowledge of Poisonous Vapours by Vehumet.
  9428 | D:8      | Noticed Erica
  9434 | D:7      | Reached ** piety under Vehumet
  9489 | D:7      | Killed Erica
  9684 | D:8      | Reached skill level 14 in Conjurations
  9877 | D:8      | Noticed Joseph
 10553 | D:8      | Killed Joseph
 10796 | D:9      | Reached XP level 11. HP: 39/54 MP: 17/29
 11167 | D:9      | Found a glowing silver altar of Zin.
 11518 | D:9      | Found an ornate altar of the Wu Jian Council.
 11787 | D:9      | Found a runed translucent gate.
 11788 | D:9      | Found a runed translucent gate.
 11789 | D:9      | Found a runed translucent gate.
 11795 | D:9      | Noticed a11behringer's ghost (novice TrBe)
 11912 | D:9      | Reached skill level 15 in Conjurations
 11948 | D:9      | Noticed a two-headed ogre
 11958 | D:9      | Killed a two-headed ogre
 12355 | D:10     | Entered Level 10 of the Dungeon
 12400 | D:10     | Noticed Urug
 12417 | D:10     | Noticed Snorg
 12433 | D:10     | Killed Snorg
 12663 | D:10     | Noticed Sonja
 12674 | D:10     | Killed Sonja
 12966 | D:10     | Found a broken altar of Ashenzari.
 13059 | D:10     | Noticed a fire dragon
 13150 | D:10     | Killed a fire dragon
 13332 | D:10     | Found a staircase to the Lair.
 13518 | D:10     | Upgraded the game from 0.28-a0-589-g333b8329f1 to
                  | 0.28-a0-595-g9f6c0e134a
 13522 | D:10     | Offered knowledge of Static Discharge by Vehumet.
 14013 | Lair:1   | Entered Level 1 of the Lair of Beasts
 14036 | Lair:1   | Reached skill level 16 in Conjurations
 14251 | Lair:1   | Identified the +8 rapier "Dragonslayer" {flame, rCorr}
 14616 | Lair:1   | Reached *** piety under Vehumet
 14955 | Lair:2   | Noticed a six-headed hydra
 15136 | Lair:2   | Found a gate leading to a gauntlet.
 15156 | Lair:2   | Reached XP level 12. HP: 59/59 MP: 18/31
 15163 | Gauntlet | Entered a Gauntlet
 15163 | Gauntlet | Found a transporter.
 15315 | Gauntlet | Found a runed translucent door.
 15319 | Gauntlet | Found a transporter.
 15319 | Gauntlet | Found a transporter.
 15332 | Gauntlet | Found a transporter.
 15335 | Gauntlet | Found a transporter.
 15345 | Gauntlet | Found a transporter.
 15351 | Gauntlet | Found the amulet of the Four Winds {rN+ Will+++ Clar}
 15361 | Gauntlet | Found a transporter.
 15373 | Gauntlet | Found a transporter.
 15382 | Gauntlet | Noticed a quicksilver ooze
 15384 | Gauntlet | Found a transporter.
 15385 | Gauntlet | Noticed an emperor scorpion
 15385 | Gauntlet | a quicksilver ooze changed into an emperor scorpion
 15386 | Gauntlet | Noticed a quicksilver ooze
 15386 | Gauntlet | an emperor scorpion changed into a quicksilver ooze
 15388 | Gauntlet | Noticed a minotaur
 15388 | Gauntlet | a quicksilver ooze changed into a minotaur
 15389 | Gauntlet | Found a transporter.
 15401 | Gauntlet | a minotaur changed into something unseen
 15404 | Gauntlet | Noticed a great orb of eyes
 15406 | Gauntlet | a great orb of eyes changed into a tyrant leech
 15407 | Gauntlet | Noticed a spark wasp
 15407 | Gauntlet | a tyrant leech changed into a spark wasp
 15410 | Gauntlet | Noticed an entropy weaver
 15410 | Gauntlet | a spark wasp changed into an entropy weaver
 15417 | Gauntlet | Found a transporter.
 15419 | Gauntlet | Found a transporter.
 15427 | Gauntlet | Found the amulet of Vitality {Regen+ HP+15}
 15466 | Gauntlet | Noticed an anaconda
 15470 | Gauntlet | Noticed an entropy weaver
 15470 | Gauntlet | a tyrant leech changed into an entropy weaver
 15473 | Gauntlet | an anaconda changed into a sea snake
 15474 | Gauntlet | Noticed an alligator
 15474 | Gauntlet | an entropy weaver changed into an alligator
 15476 | Gauntlet | Noticed a four-headed hydra
 15476 | Gauntlet | an alligator changed into a four-headed hydra
 15481 | Gauntlet | Found a transporter.
 15482 | Gauntlet | Found a transporter.
 15515 | Gauntlet | Noticed a boulder beetle
 15515 | Gauntlet | Noticed an entropy weaver
 15515 | Gauntlet | a boulder beetle changed into an entropy weaver
 15517 | Gauntlet | an entropy weaver changed into a tyrant leech
 15522 | Gauntlet | Noticed an ice dragon
 15522 | Gauntlet | a tyrant leech changed into an ice dragon
 15525 | Gauntlet | Noticed an ettin
 15525 | Gauntlet | an ice dragon changed into an ettin
 15526 | Gauntlet | an ettin changed into a wolf spider
 15529 | Gauntlet | Noticed an ettin
 15529 | Gauntlet | a wolf spider changed into an ettin
 15531 | Gauntlet | Noticed a bunyip
 15531 | Gauntlet | an ettin changed into a bunyip
 15840 | Gauntlet | Noticed a bunyip
 15867 | Gauntlet | a bunyip changed into a tyrant leech
 15879 | Gauntlet | Noticed an anaconda
 15879 | Gauntlet | an eye of devastation changed into an anaconda
 15884 | Gauntlet | Noticed an ice dragon
 15884 | Gauntlet | a wolf spider changed into an ice dragon
 15885 | Gauntlet | an ice dragon changed into a tyrant leech
 15910 | Gauntlet | Noticed a great orb of eyes
 15910 | Gauntlet | a goliath frog changed into a great orb of eyes
 15937 | Gauntlet | an anaconda changed into a faun
 15939 | Gauntlet | Noticed an anaconda
 15939 | Gauntlet | a great orb of eyes changed into an anaconda
 15988 | Gauntlet | Noticed a six-headed hydra
 15990 | Gauntlet | Noticed a great orb of eyes
 15990 | Gauntlet | a six-headed hydra changed into a great orb of eyes
 16020 | Gauntlet | Noticed a bunyip
 16020 | Gauntlet | an anaconda changed into a bunyip
 16023 | Gauntlet | Noticed an entropy weaver
 16023 | Gauntlet | a bunyip changed into an entropy weaver
 16041 | Gauntlet | Noticed a two-headed ogre
 16041 | Gauntlet | an elephant changed into a two-headed ogre
 16049 | Gauntlet | a two-headed ogre changed into a swamp worm
 16063 | Gauntlet | Noticed an eight-headed hydra
 16063 | Gauntlet | an entropy weaver changed into an eight-headed hydra
 16126 | Gauntlet | Noticed a satyr
 16126 | Gauntlet | an eight-headed hydra changed into a satyr
 16172 | Gauntlet | a satyr changed into a goliath frog
 16195 | Gauntlet | Noticed a two-headed ogre
 16195 | Gauntlet | an elephant changed into a two-headed ogre
 16198 | Gauntlet | a two-headed ogre changed into a dream sheep
 16198 | Gauntlet | Noticed a two-headed ogre
 16198 | Gauntlet | a shock serpent changed into a two-headed ogre
 16205 | Gauntlet | a two-headed ogre changed into a swamp dragon
 16220 | Gauntlet | Reached skill level 17 in Conjurations
 16243 | Gauntlet | Noticed an ice dragon
 16263 | Gauntlet | Identified the +1 pair of gloves of Kedageeb {MP+9 Str+7}
 16266 | Gauntlet | Noticed a two-headed ogre
 16266 | Gauntlet | a floating eye changed into a two-headed ogre
 16267 | Gauntlet | Noticed a spark wasp
 16267 | Gauntlet | a two-headed ogre changed into a spark wasp
 16269 | Gauntlet | Noticed a quicksilver ooze
 16269 | Gauntlet | a spark wasp changed into a quicksilver ooze
 16271 | Gauntlet | Noticed a fire dragon
 16271 | Gauntlet | a quicksilver ooze changed into a fire dragon
 16274 | Gauntlet | Identified the ring of Okawaru's Hope {Fly Dex+4 Stlth+}
 16374 | Gauntlet | Identified the +6 lajatang "Atsejuoq" {pain, Dex+8}
 16374 | Gauntlet | Noticed a minotaur
 16387 | Gauntlet | Killed a minotaur
 16422 | Gauntlet | Identified the +3 scale mail "Utahyqopyrgh" {Stlth+}
 16422 | Gauntlet | Identified the +6 falchion of Mourning {vorpal, rF+ MP+9}
 16603 | Lair:2   | Offered knowledge of Flame Wave by Vehumet.
 16611 | Lair:2   | Learned a level 4 spell: Flame Wave
 17185 | Lair:3   | Reached skill level 1 in Fire Magic
 17405 | Lair:3   | Found a hole to the Spider Nest.
 17513 | Lair:3   | Reached skill level 15 in Spellcasting
 17518 | Lair:3   | Reached skill level 18 in Conjurations
 17557 | Lair:3   | Found a dark tunnel.
 17573 | Volcano  | Entered a volcano
 17613 | Volcano  | Reached **** piety under Vehumet
 17695 | Volcano  | Reached XP level 13. HP: 63/63 MP: 32/34
 17897 | Volcano  | Offered knowledge of Stone Arrow by Vehumet.
 17902 | Volcano  | Learned a level 3 spell: Stone Arrow
 18429 | Lair:3   | Identified the amulet of Lesser Demons {Fragile Will+
                  | Regen+ Str+2}
 19077 | Lair:4   | Learned a level 2 spell: Scorch
 19109 | Lair:4   | Reached skill level 5 in Fire Magic
 19285 | Lair:4   | Reached skill level 19 in Conjurations
 19562 | Lair:4   | Noticed Rupert
 19685 | Lair:4   | Found a staircase to the Shoals.
 20337 | Lair:5   | Found a frozen archway.
 20346 | Lair:5   | Reached ***** piety under Vehumet
 20346 | Lair:5   | Offered knowledge of Olgreb's Toxic Radiance by Vehumet.
 20369 | IceCv    | Entered an ice cave
 21334 | Lair:5   | Found a staircase to the Slime Pits.
 21967 | Lair:6   | Entered Level 6 of the Lair of Beasts
 22255 | Lair:6   | Reached skill level 20 in Conjurations
 22266 | Lair:6   | Slain by a komodo dragon

Illustrated notes

Levels and vault maps discovered:
D:1:      lordsloth_arrival_two_stooges, layout_basic,
          shapermc_ecumenical_altar_mp_vishouse, item_on_display_a
D:2:      layout_loops_cross, minmay_bisected, uniq_sigmund
D:3:      layout_basic, mainiacjoe_overflow_boulevard,
          cheibrodos_sewer_entry_drain, glass_columns_a, uniq_natasha,
          uniq_jessica
D:4:      layout_cave_pools, serial_bayou_pond_c, minmay_fractal_squares_5
D:5:      layout_rooms, general_overflow_altar, minitemple, uniq_pikel,
          uniq_grinder, uniq_blork_the_orc
D:6:      layout_loops_ring, minmay_temple_entry_drinking_statues,
          roderic_roman_lattice, uniq_edmund
D:7:      cheibrodos_barr_body, layout_loops_ring,
          mainiacjoe_overflow_tiny_flanked, mainiacjoe_overflow_cross_hatched,
          overflow_temple_1_default, gammafunk_ghost_hive
D:8:      layout_gridville, uniq_maurice, uniq_erica, uniq_joseph
D:9:      layout_stronghold, zin_statuary, nzn_wu_jian_contemplation,
          gammafunk_ghost_necromancy, minmay_nine_imps
D:10:     layout_basic, mainiacjoe_overflow_six_doors_small,
          minmay_lair_entry_lava, uniq_sonja, uniq_snorg, uniq_urug
D:11:     minmay_the_grid_triangle_9x9_recursive_2
          [minmay_the_grid_triangle_9x9_prize_center,
          minmay_the_grid_triangle_9x9_corrupted_corridor,
          minmay_the_grid_triangle_9x9_skeleton,
          minmay_the_grid_triangle_9x9_steps], layout_loops_ring
Temple:   nicolae_temple_no_exploring_needed
Lair:1:   layout_gridlike
Lair:2:   layout_hall_layers, gauntlet_entry_generic, minmay_lindwurm_lava,
          grunt_megastairs_1
Lair:3:   layout_cellular_growth, spider_nest_entry_rubble, enter_volcano_1
Lair:4:   layout_regular_city, minmay_shoals_entry_centaurs, uniq_rupert
Lair:5:   layout_cellular_growth, minmay_slime_entry_oklob_open,
          portal_ice_cave_entry_imps
Lair:6:   evil_forest, layout_misc_corridors

Skill      XL: |  1  2  3  4  5  6  7  8  9 10 11 12 13 |
---------------+----------------------------------------+-----
Conjurations   | 5 6 7 8 9 10 12 14 16 18 20 | 20.0
Spellcasting   | 4 5 6 7 8 10 12 13 15 16 | 16.8
Translocations | 2 3 5 6 7 |  7.0
Hexes          | 3 5 7 |  7.7
Fire Magic     | 3 5 |  5.0
Dodging        | |  2.4
Stealth        | |  2.4

Action                   |  1- 3 |  4- 6 |  7- 9 | 10-12 | 13-15 || total
-------------------------+-------+-------+-------+-------+-------++-------
Melee: Dagger            |       |     1 |     1 |     4 |       ||     6
       Rapier            |       |       |       |     5 |       ||     5
       Falchion          |       |       |       |     2 |     3 ||     5
 Cast: Magic Dart        |    62 |    78 |    74 |   109 |     8 ||   331
       Searing Ray       |     6 |    20 |    50 |    79 |     3 ||   158
       Fulminant Prism   |       |       |    11 |    78 |    30 ||   119
       Gell's Gravitas   |       |       |     5 |    16 |     1 ||    22
       Iskenderun's Myst |       |       |     2 |    51 |    48 ||   101
       Flame Wave        |       |       |       |     6 |     7 ||    13
       Stone Arrow       |       |       |       |       |    76 ||    76
       Scorch            |       |       |       |       |     8 ||     8
  Use: Scroll            |       |     1 |     5 |    12 |     9 ||    27
       Potion            |       |       |       |     1 |       ||     1
Armor: Robe              |     4 |    11 |     7 |     8 |       ||    30
       Acid dragon scale |       |       |       |     8 |    11 ||    19
Dodge: Dodged            |     6 |    15 |    20 |    56 |    17 ||   114

Table legend: (Time is in decaauts)
 A = Elapsed time spent in this place.
 B = Non-inter-level travel time spent in this place.
 C = Inter-level travel time spent in this place.
 D = Time resting spent in this place.
 E = Time spent auto-exploring this place.
 F = Levels seen in this place.
 G = Mean time per level.
                   A        B        C        D        E       F      G
               +--------+--------+--------+--------+--------+-----+--------+
         Total |  22423 |  21373 |   1050 |   5243 |  11612 |  22 | 1019.2 |
       Dungeon |  13213 |  12697 |    516 |   3567 |   7159 |  11 | 1201.2 |
        Temple |    113 |    106 |      7 |      0 |     97 |   1 |  113.0 |
          Lair |   5742 |   5215 |    527 |    614 |   3459 |   6 |  957.0 |
         Sewer |    841 |    841 |      0 |     96 |    610 |   1 |  841.0 |
      Ice Cave |    602 |    602 |      0 |    412 |      0 |   1 |  602.0 |
       Volcano |    609 |    609 |      0 |    134 |    122 |   1 |  609.0 |
      Gauntlet |   1300 |   1300 |      0 |    420 |    164 |   1 | 1300.0 |
               +--------+--------+--------+--------+--------+-----+--------+

Top non-repeatable levels by time:
     D:7: 1857 daAuts
     D:8: 1800 daAuts
    D:10: 1665 daAuts
     D:4: 1327 daAuts
     D:6: 1312 daAuts
Gauntlet: 1300 daAuts
  Lair:3: 1270 daAuts
  Lair:4: 1249 daAuts
     D:9: 1233 daAuts
  Lair:1: 1075 daAuts
     D:5: 1075 daAuts
     D:3: 1070 daAuts
     D:2: 1027 daAuts
  Lair:5: 972 daAuts
  Lair:2: 917 daAuts
